 Dungeon Crawl Stone Soup version 0.32-a0-314-g526f7d4993 (webtiles) character file.

Game seed: 16234806934940714019

2440 kae the Mimic (level 9, 0/70 HPs)
             Began as a Demonspawn Shapeshifter on Feb 15, 2024.
             Was an Initiate of Wu Jian.
             Slain by an orc warrior
             ... wielding a +0 glaive
              (4 damage)
             ... on level 9 of the Dungeon.
             The game lasted 00:06:44 (6912 turns).

kae the Mimic (Demonspawn Shapeshifter)             Turns: 6912, Time: 00:06:45

Health: 0/70       AC:  6    Str: 20      XL:     9   Next: 25%
Magic:  18/18      EV: 17    Int:  7 (9)  God:    Wu Jian [......]
Gold:   293        SH:  0    Dex: 13 (15) Spells: 6/8 levels left

rFire   . .          .
                       - Unarmed
rCold   . . .        (shield currently unavailable)
rNeg    . . .        a - melded +0 animal skin
rPois   .            z - +0 helmet {SInv}
rElec   .            A - +0 cloak
rCorr   .            b - +2 pair of gloves
SInv    +            (no boots)
Will    .....        (no amulet)
Stlth   +            L - ring of flight
HPRegen 0.31/turn    W - ring of magical power
MPRegen 0.16/turn

%: no passive effects
@: flux-form, flying, glowing
A: glow, contaminating, rugged brown scales 1, demonic guardian 2, powered by
pain 2, strong 1
a: Begin Untransformation, Renounce Religion


You were on level 9 of the Dungeon.
You worshipped Wu Jian.
Wu Jian was noncommittal.
You were something dangerously unstable.
You visited 1 branch of the dungeon, and saw 7 of its levels.

You collected 373 gold pieces.
You spent 80 gold pieces at shops.


Innate Abilities, Weirdness & Mutations

You are something dangerously unstable.
You glow with magical radiation, making you easy to see and hit.
Foes you strike become dangerously contaminated with magical radiation.
You are incapable of wielding weapons or throwing items.
You are partially covered in rugged brown scales. (AC +1, +3% HP)
A demonic guardian rushes to your aid.
You sometimes gain power by taking damage.
Your muscles are strong. (Str +4, Int/Dex -1)


   Skills:
 - Level 5.0 Fighting
 - Level 4.0 Dodging
 + Level 5.6 Unarmed Combat
 + Level 8.3 Shapeshifting


You had 6 spell levels left.
You knew the following spells:

 Your Spells              Type           Power      Damage    Failure   Level
a - Ensorcelled Hibernat  Hex/Ice        0%         N/A       56%         2

Your spell library contained the following spells:

 Spells                   Type           Power      Damage    Failure   Level
 Foxfire                  Conj/Fire      0%         2x1d4     43%         1
 Kiss of Death            Conj/Necr      0%         2d5       43%         1
 Summon Small Mammal      Summ           0%         N/A       43%         1
 Confusing Touch          Hex            0%         N/A       80%         3
 Passwall                 Erth           0%         N/A       80%         3
 Swiftness                Air            0%         N/A       80%         3
 Tukima's Dance           Hex            0%         N/A       80%         3
 Dispel Undead            Necr           0%         3d6       99%         4
 Martyr's Knell           Necr/Summ      0%         N/A       99%         4
 Passage of Golubria      Tloc           0%         N/A       99%         4
 Summon Mana Viper        Hex/Summ       0%         N/A       100%        5
 Yara's Violent Unravell  Hex/Alch       0%         3d3       100%        5
 Plasma Beam              Fire/Air       0%         2x1d10    100%        6
 Starburst                Conj/Fire      0%         6d3       100%        6
 Malign Gateway           Summ/Tloc      0%         N/A       100%        7

Inventory:

Missiles
 f - 96 stones (quivered)
 l - 4 curare-tipped darts {=f}
 w - 2 javelins
 y - 4 boomerangs
Armour
 a - a +0 animal skin (melded)
 b - a +2 pair of gloves (worn)
   (You found it on level 3 of the Dungeon)
 z - a +0 helmet of see invisible (worn)
   (You found it on level 5 of the Dungeon)
 A - a +0 cloak (worn)
   (You found it on level 5 of the Dungeon)
Jewellery
 v - a ring of willpower
   (You found it on level 4 of the Dungeon)
 L - a ring of flight (left hand)
   (You found it on level 1 of the Dungeon)
 W - a ring of magical power (right hand)
   (You found it on level 3 of the Dungeon)
Talismans
 c - a beast talisman
 d - a flux talisman (active)
Wands
 e - a wand of iceblast (19)
   (You took it off a hobgoblin on level 4 of the Dungeon)
 n - a wand of digging (7)
   (You found it on level 2 of the Dungeon)
 t - a wand of flame (12)
   (You took it off Ijyb on level 4 of the Dungeon)
Scrolls
 g - 2 scrolls of immolation {!r!r}
 o - a scroll of brand weapon
 u - 3 scrolls of identify {@r1}
Potions
 h - a potion of cancellation
 j - a potion of haste {@q3}
 m - a potion of attraction {!q}
 q - 2 potions of degeneration {!q}

Dungeon Overview and Level Annotations

Branches:
Dungeon (6/15) Zot: 26164
 Temple: D:4-7

Altars:
Wu Jian

Shops:
D:4 *

Annotations:
D:4 Natasha

#.........o.............
#.............o.........
#######)).y.............
#)###############. #)#
#.# #o# #4# #p# ###


You could see an orc warrior (ally target) and a friendly hellwing (summoned).


Message History

The orc wizard casts a spell at you.
You are confused.
An orc warrior comes into view. It is wielding a +0 glaive. 😕 HP[+1]
You are too confused!
You are too confused!
The orc wizard mumbles some strange words.
The orc wizard flickers and vanishes for a moment.
You hear a shout!
Unknown command.
Things that are here:
a +0 club; an orc corpse Unknown command.
Items here: )) [[. 😕 HP[+1] Unknown command.
You bump into the rock wall.
The orc wizard casts a spell at you. The puff of flame hits you! 😮 HP[-10]
You take 10 damage, and now have 52/70 hp.
You bump into the rock wall.
You feel less confused.
Unknown command.
Okay, then.
Okay, then.
You barely miss the orc wizard. The orc wizard casts a spell at you.
The magic dart hits you! 😮 HP[-6]
You take 6 damage, and now have 46/70 hp.
You closely miss the orc wizard. You hit the orc wizard.
The orc wizard begins to glow.
The orc wizard hits you with a +0 dagger. 😮 HP[-1]
You take 1 damage, and now have 45/70 hp.
You punch the orc wizard!
The orc wizard glows dangerously bright.
The orc wizard gestures at you while chanting.
The magic dart hits you. 😮 HP[-4]
You take 4 damage, and now have 41/70 hp.
You barely miss the orc wizard.
The orc wizard hits you but does no damage.
Unknown command. 😮 HP[+1]
You hit the orc wizard.
You kill the orc wizard!
The Council accepts your kill.
You feel your intelligence returning.
You closely miss the orc. The orc closely misses you.
You closely miss the orc.
The orc warrior hits you from afar with a +0 glaive!
* * * LOW HITPOINT WARNING * * *
The orc completely misses you. 😨 HP[-8]
You take 8 damage, and now have 34/70 hp.
Unknown command.
You hit the orc but do no damage.
The orc begins to glow.
The orc warrior closely misses you. The orc barely misses you.
You hit the orc.
The orc glows dangerously bright.
The orc warrior hits you from afar with a +0 glaive!!
* * * LOW HITPOINT WARNING * * *
The orc hits you with a +0 club.
* * * LOW HITPOINT WARNING * * *
😱 HP[-19]
You take 19 damage, and now have 15/70 hp.
MASSIVE DAMAGE!! (PAUSE)
You hit the orc.
You kill the orc!
The Council accepts your kill. The orc warrior barely misses you.
Unknown command.
Aiming: Iceblast
Press: ? - help, Shift-Dir - straight line, f - orc warrior
Aim: an orc warrior, wielding a +0 glaive and wearing a +0 chain mail The mass of ice explodes!
The iceblast engulfs the orc warrior.
The orc warrior hits you from afar with a +0 glaive!
* * * LOW HITPOINT WARNING * * *
A demonic guardian appears! 😱 HP[-11]
You take 11 damage, and now have 4/70 hp.
Okay, then.
Aiming: Iceblast
Press: ? - help, Shift-Dir - straight line, f/p - orc warrior
Aim: an orc warrior, wielding a +0 glaive and wearing a +0 chain mail (moderately wounded, ally target)
Your demonic guardian avoids your attack.
The mass of ice explodes!
The iceblast engulfs the orc warrior!
Your demonic guardian avoids your attack.
The orc warrior barely misses you.
Your hellwing hits the orc warrior but does no damage.
Your hellwing hits the orc warrior.
Aiming: Iceblast
Press: ? - help, Shift-Dir - straight line, f/p - orc warrior
Aim: an orc warrior, wielding a +0 glaive and wearing a +0 chain mail (severely wounded, not watching you, ally target)
Your demonic guardian avoids your attack.
The mass of ice explodes!
The iceblast engulfs the orc warrior.
Your demonic guardian avoids your attack.
The orc warrior hits you from afar with a +0 glaive.
You die...

Skill      XL: |  1  2  3  4  5  6  7  8  9 |
---------------+----------------------------+-----
Shapeshifting  | 3 4 5 6 7 8 |  8.3
Dodging        | 2 4 |  4.0
Fighting       | 2 4 5 |  5.0
Unarmed Combat | 3 5 |  5.6

Action                     |  1- 3 |  4- 6 |  7- 9 || total
---------------------------+-------+-------+-------++-------
  Melee: Unarmed           |    99 |   178 |   223 ||   500
         Punch             |     2 |     1 |       ||     3
Ability: Lunge             |       |       |     6 ||     6
  Evoke: Wand              |       |       |     3 ||     3
    Use: Scroll            |       |     8 |     6 ||    14
         Potion            |       |     3 |    10 ||    13
   Stab: Sleeping          |     1 |     2 |       ||     3
 Armour: Animal skin       |    60 |    77 |       ||   137
         Skin              |       |    17 |   118 ||   135
  Dodge: Dodged            |    66 |    91 |   197 ||   354
   Form: Flux              |       |     1 |       ||     1

Levels and vault maps discovered:
D:1:      dpeg_arrival_chambers_temple_mockup, layout_basic, glass_columns_a,
          minmay_tromino_v4_c
D:2:      layout_basic, ebering_ecumenical_altar_petrified,
          kennysheep_generic_room_14, uniq_jessica
D:3:      layout_basic, serial_bayou_lake_a, uniq_grinder
D:4:      layout_basic, lemuel_tele_altar, tso_altar, serial_shops, shop,
          uniq_ijyb, uniq_natasha
D:5:      layout_basic, reono_crystal_passage, uniq_sigmund
D:6:      layout_basic
D:9:      layout_irregular_city, uniq_joseph

Notes
Turn   | Place    | Note
-------+----------+-------------------------------------------
     0 | D:1      | kae the Demonspawn Shapeshifter began the quest for the
                  | Orb.
     0 | D:1      | Reached XP level 1. HP: 15/15 MP: 1/1
     0 | D:1      | magus.rc [v1.11.3]
   114 | D:1      | Reached skill level 3 in Shapeshifting
   199 | D:1      | Gained mutation: A weak demonic guardian rushes to your
                  | aid. [demonic ancestry]
   199 | D:1      | Reached XP level 2. HP: 21/21 MP: 2/2
   252 | D:1      | You pick up a book of Burglary and begin reading...
   252 | D:1      | You add the spells Ensorcelled Hibernation, Swiftness and
                  | Passwall to your library.
   663 | D:1      | Gained mutation: You are partially covered in rugged brown
                  | scales. (AC +1, +3% HP) [demonic ancestry]
   663 | D:1      | Reached XP level 3. HP: 20/26 MP: 3/3
   666 | D:1      | Learned a level 2 spell: Ensorcelled Hibernation
  1203 | D:2      | Reached skill level 4 in Shapeshifting
  1239 | D:2      | Found a faded altar of an unknown god.
  1399 | D:2      | Gained mutation: You sometimes gain a little power by
                  | taking damage. [demonic ancestry]
  1399 | D:2      | Reached XP level 4. HP: 25/32 MP: 4/4
  1611 | D:2      | Noticed Jessica
  1628 | D:2      | HP: 6/32 [ribbon worm (5)]
  1629 | D:2      | Killed Jessica
  2256 | D:3      | Noticed Grinder
  2256 | D:3      | Paralysed by Grinder for 3 turns
  2264 | D:3      | Paralysed by Grinder for 3 turns
  2270 | D:3      | Killed Grinder
  2271 | D:3      | Reached skill level 5 in Shapeshifting
  2271 | D:3      | Reached XP level 5. HP: 38/38 MP: 5/5
  2271 | D:3      | Gained mutation: You sometimes gain power by taking damage.
                  | [demonic ancestry]
  2271 | D:3      | Reached XP level 6. HP: 44/44 MP: 6/6
  2314 | D:3      | Reached skill level 6 in Shapeshifting
  2566 | D:3      | You add the spells Tukima's Dance, Passage of Golubria and
                  | Yara's Violent Unravelling to your library.
  3329 | D:4      | Found Hoqug's General Store.
  3335 | D:4      | Noticed Natasha
  3348 | D:4      | Killed Natasha
  3390 | D:4      | Bought a potion of curing for 30 gold pieces
  3390 | D:4      | Bought a potion of enlightenment for 50 gold pieces
  3475 | D:4      | You add the spells Summon Small Mammal, Martyr's Knell,
                  | Summon Mana Viper and Malign Gateway to your library.
  3475 | D:4      | Got the Octavo of Direction and Beckoning
  3500 | D:4      | HP: 10/44 [iguana (9)]
  3592 | D:4      | Noticed Ijyb
  3820 | D:4      | Killed Ijyb
  3904 | D:4      | Reached XP level 7. HP: 46/49 MP: 7/7
  4060 | D:4      | Found an ornate altar of the Wu Jian Council.
  4086 | D:4      | Noticed Natasha
  4155 | D:4      | Became a worshipper of the Wu Jian Council
  4382 | D:4      | Reached skill level 7 in Shapeshifting
  4391 | D:4      | HP: 12/49 [orc/+0 short sword (1)]
  4392 | D:4      | Reached skill level 2 in Dodging
  4543 | D:5      | Entered Level 5 of the Dungeon
  4623 | D:5      | Noticed Sigmund
  4633 | D:5      | Killed Sigmund
  4634 | D:5      | Reached skill level 2 in Fighting
  4634 | D:5      | Reached skill level 3 in Unarmed Combat
  5002 | D:5      | Reached XP level 8. HP: 52/58 MP: 8/8
  5042 | D:5      | Reached skill level 3 in Dodging
  5476 | D:6      | Reached skill level 3 in Fighting
  5518 | D:6      | You pick up a book of Fire and begin reading...
  5518 | D:6      | You add the spells Foxfire, Plasma Beam and Starburst to
                  | your library.
  5617 | D:6      | Reached skill level 4 in Unarmed Combat
  5738 | D:6      | You pick up a book of Touch and begin reading...
  5738 | D:6      | You add the spells Kiss of Death, Confusing Touch and
                  | Dispel Undead to your library.
  5816 | D:6      | HP: 11/55 [wight/+2 trident of freezing (3)]
  5819 | D:6      | HP: 4/55 [wight/+2 trident of freezing (7)]
  5819 | D:6      | HP: 1/55 [wight/+2 trident of freezing (3)]
  5825 | D:6      | HP: 17/82 [wight/+2 trident of freezing (3)]
  6054 | D:6      | You are sucked into a shaft and drop 3 floors!
  6094 | D:9      | Gained mutation: Your muscles are strong. (Str +4, Int/Dex
                  | -1) [potion of mutation]
  6112 | D:9      | HP: 14/61 [killer bee (3)]
  6115 | D:9      | HP: 5/61 [poisoned by a killer bee]
  6115 | D:9      | HP: 1/61 [killer bee (4)]
  6122 | D:9      | Reached skill level 4 in Fighting
  6122 | D:9      | Reached skill level 4 in Dodging
  6134 | D:9      | HP: 9/61 [killer bee (2)]
  6139 | D:9      | HP: 4/61 [poisoned by a killer bee]
  6519 | D:9      | Reached skill level 5 in Unarmed Combat
  6526 | D:9      | Reached skill level 8 in Shapeshifting
  6526 | D:9      | Gained mutation: A demonic guardian rushes to your aid.
                  | [demonic ancestry]
  6526 | D:9      | Reached XP level 9. HP: 56/67 MP: 9/9
  6676 | D:9      | HP: 14/69 [something/ball of steam (14)]
  6677 | D:9      | HP: 6/69 [something] (8)]
  6698 | D:9      | HP: 3/69 [orc warrior/+0 hand axe (8)]
  6704 | D:9      | Reached skill level 5 in Fighting
  6908 | D:9      | HP: 16/70 [orc warrior/+0 glaive (18)]
  6910 | D:9      | HP: 4/70 [orc warrior/+0 glaive (12)]
  6912 | D:9      | Slain by an orc warrior

Vanquished Creatures
  Grinder (D:3)
  Sigmund (D:5)
  2 steam dragons
  An ice beast (D:5)
  A water moccasin (D:6)
  A black bear (D:5)
  An orc warrior (D:9)
  2 centaurs
  A phantom (D:5)
  A bullfrog (D:9)
  A wight (D:6)
  9 killer bees (D:9)
  3 howler monkeys (D:9)
  A hound (D:4)
  A jelly (D:4)
  2 orc priests
  2 iguanas
  Jessica (D:2)
  Ijyb (D:4)
  Natasha (D:4)
  A sleepcap (D:6)
  2 orc wizards (D:9)
  6 adders
  A white imp (D:3)
  2 ribbon worms
  A dart slug (D:2)
  7 orcs
  6 bats
  6 endoplasms
  2 giant cockroaches
  9 goblins
  5 hobgoblins
  9 jackals (D:2)
  3 quokkas
  9 ball pythons
  A frilled lizard (D:3)
  3 kobolds
  5 rats
112 creatures vanquished.

Vanquished Creatures (collateral kills)
  A killer bee (D:9)
  3 orcs
  An endoplasm (D:1)
  2 jackals (D:2)
  A ball python (D:2)
  A frilled lizard (D:2)
  A rat (D:2)
10 creatures vanquished.

Vanquished Creatures (others)
  An orc wizard (D:9)
  3 orcs (D:9)
4 creatures vanquished.

Grand Total: 126 creatures vanquished

Table legend:
 A = Non-vault XP
 B = Vault XP
 C = Vault XP percentage of total XP
 D = Non-vault monster count
 E = Vault monster count
 F = Vault count percentage of total count
                 A         B        C        D         E       F
            +---------+---------+-------+---------+---------+-------
      Total |    2886 |     601 |  17.2 |     118 |       8 |   6.3
            +---------+---------+-------+---------+---------+-------
        D:1 |      38 |       5 |  11.6 |      15 |       2 |  11.8
        D:2 |     103 |      40 |  28.0 |      27 |       2 |   6.9
        D:3 |      63 |     250 |  79.9 |      18 |       1 |   5.3
        D:4 |     343 |      74 |  17.7 |      20 |       2 |   9.1
        D:5 |     423 |     232 |  35.4 |       5 |       1 |  16.7
        D:6 |     584 |       0 |   0.0 |       8 |       0 |   0.0
        D:9 |    1332 |       0 |   0.0 |      25 |       0 |   0.0
            +---------+---------+-------+---------+---------+-------

Skill      XL: |  1  2  3  4  5  6  7  8  9 |
---------------+----------------------------+-----
Shapeshifting  | 3 4 5 6 7 8 |  8.3
Dodging        | 2 4 |  4.0
Fighting       | 2 4 5 |  5.0
Unarmed Combat | 3 5 |  5.6

Action                     |  1- 3 |  4- 6 |  7- 9 || total
---------------------------+-------+-------+-------++-------
  Melee: Unarmed           |    99 |   178 |   223 ||   500
         Punch             |     2 |     1 |       ||     3
Ability: Lunge             |       |       |     6 ||     6
  Evoke: Wand              |       |       |     3 ||     3
    Use: Scroll            |       |     8 |     6 ||    14
         Potion            |       |     3 |    10 ||    13
   Stab: Sleeping          |     1 |     2 |       ||     3
 Armour: Animal skin       |    60 |    77 |       ||   137
         Skin              |       |    17 |   118 ||   135
  Dodge: Dodged            |    66 |    91 |   197 ||   354
   Form: Flux              |       |     1 |       ||     1

Illustrated notes

Table legend:
 A = Kills in this place as a percentage of kills in the entire game.
 B = Kills by you in this place as a percentage of kills by you in the entire game.
 C = Kills by friends in this place as a percentage of kills by friends in the entire game.
 D = Other kills in this place as a percentage of other kills in the entire game.
 E = Experience gained in this place as a percentage of experience gained in the entire game.
 F = Experience gained in this place divided by the number of levels of this place that you have seen.
                   A       B       C       D       E      F
               +-------+-------+-------+-------+-------+----------------------
         Total | 100.0 | 100.0 | 100.0 | 100.0 | 100.0 | 498.1
       Dungeon | 100.0 | 100.0 | 100.0 | 100.0 | 100.0 | 498.1
               +-------+-------+-------+-------+-------+----------------------

Table legend: (Time is in decaauts)
 A = Elapsed time spent in this place.
 B = Non-inter-level travel time spent in this place.
 C = Inter-level travel time spent in this place.
 D = Time resting spent in this place.
 E = Time spent auto-exploring this place.
 F = Levels seen in this place.
 G = Mean time per level.
                   A        B        C        D        E       F      G
               +--------+--------+--------+--------+--------+-----+--------+
         Total |   6892 |   6730 |    162 |    446 |   5094 |   7 |  984.6 |
       Dungeon |   6892 |   6730 |    162 |    446 |   5094 |   7 |  984.6 |
               +--------+--------+--------+--------+--------+-----+--------+

Top non-repeatable levels by time:
     D:4: 1208 daAuts
     D:3: 1195 daAuts
     D:1: 1092 daAuts
     D:2: 1046 daAuts
     D:5: 918 daAuts
     D:9: 835 daAuts
     D:6: 597 daAuts
